 Dungeon Crawl Stone Soup version 0.30-a0-778-g2ef04afb54 (console) character file.

Game seed: 360712076244503624

7 rlgrobin the Shield-Bearer (level 2, -4/26 HPs)
             Began as a Meteoran Fighter on Feb 17, 2023.
             Slain by a worm (7 damage)
             ... on level 2 of the Dungeon.
             The game lasted 00:00:15 (39 turns).

rlgrobin the Shield-Bearer (Meteoran Fighter)         Turns: 39, Time: 00:00:15

Health: -4/26      AC:  6    Str: 17    XL:     2   Next: 17%
Magic:  3/3        EV:  9    Int:  9    God:
Gold:   9          SH:  5    Dex: 13    Spells: 1/1 levels left

rFire   . . .      SeeInvis .    a - +0 war axe
rCold   . . .      Faith    .    c - +0 buckler
rNeg    . . .      Spirit   .    b - +0 scale mail
rPois   .          Reflect  .    (no helmet)
rElec   .          Harm     .    (no cloak)
rCorr   .          Rampage  .    (no gloves)
Will    .....                    (no boots) Stlth
                                 (no amulet)
HPRegen 0.24/turn                (no ring)
MPRegen 0.08/turn                (no ring)

@: glowing
A: sense surroundings 1, otherworldly, glowing, explore regen
a: no special abilities


You were on level 2 of the Dungeon.
You visited 1 branch of the dungeon, and saw 2 of its levels.

You collected 9 gold pieces.

Inventory:

Hand Weapons
 a - a +0 war axe (weapon)
Armour
 b - a +0 scale mail (worn)
 c - a +0 buckler (worn)
Potions
 d - a potion of might


   Skills:
 - Level 3.2 Fighting
 + Level 3.2 Axes
 - Level 3.6 Armour
 - Level 3.6 Shields


You had one spell level left.
You didn't know any spells.
Your spell library was empty.

Dungeon Overview and Level Annotations

Branches:
Dungeon (2/15) Zot: 1151

Altars:


Innate Abilities, Weirdness & Mutations

You passively map a small area around you.
You are easily found by Zot.
You glow in the dark.
You regain HP and MP as you explore.


Message History

The bat hits you but does no damage.
You barely miss the worm. The bat barely misses you. The worm bites you.
You completely miss the worm. You barely miss the worm.
You barely miss the bat. The bat hits you but does no damage.
You block the worm's attack. The bat closely misses you.
You hit the worm.
The worm is moderately wounded.
You hit the bat.
You kill the bat!
You slash the worm! The worm closely misses you.
The worm bites you but does no damage.
You hit the worm.
The worm is severely wounded.
The worm bites you!
You are too injured to fight recklessly!
You are too injured to fight recklessly!
You are too injured to fight recklessly!
You hit the worm but do no damage.
The worm is heavily wounded.
You barely miss the worm. You block the worm's attack. x2
You hit the worm.
The worm is severely wounded.
You hit the worm. The worm barely misses you.
You hit the worm but do no damage.
The worm is severely wounded.
You barely miss the worm. The worm bites you but does no damage.
The worm closely misses you.
You barely miss the worm.
The worm is severely wounded.
You hit the worm. The worm bites you but does no damage.
You slash the worm!
You kill the worm!
You hit the worm. The worm bites you.
* * * LOW HITPOINT WARNING * * *
Your Axes skill increases to level 3!
You have reached level 2!
You hit the worm.
The worm is heavily wounded.
The worm bites you!
You die...

* .,* , .# *
######*#######.#
*#.....##.<.....#
....!.........####**
,..................
,...............# *
.........w.....# *
.........†@....#
.............?.# *
...............#
..............##
#.....##.....##
##### #######


You could see a worm.

Vanquished Creatures
  A worm (D:2)
  A bat (D:2)
  A jackal (D:1)
  A rat (D:2)
4 creatures vanquished.

Notes
Turn   | Place    | Note
-------+----------+-------------------------------------------
     0 | D:1      | rlgrobin the Meteoran Fighter began the quest for the Orb.
     0 | D:1      | Reached XP level 1. HP: 19/19 MP: 2/2
    39 | D:2      | Reached XP level 2. HP: 2/26 MP: 3/3
    39 | D:2      | Slain by a worm

Illustrated notes

Levels and vault maps discovered:
D:1:      dpeg_arrival_brainrot, layout_basic, minmay_misc_feat_tiny
D:2:      layout_rooms, uniq_crazy_yiuf_cottage, uniq_sigmund

Skill      XL: |  1 |
---------------+----+-----
Axes           | 3 |  3.2
Fighting       | |  3.2
Armour         | |  3.6
Shields        | |  3.6

Action                     || total
---------------------------++-------
  Melee: War axe           ||    23
 Armour: Scale mail        ||    16
  Dodge: Dodged            ||    13
  Block: Buckler           ||     8

Table legend: (Time is in decaauts)
 A = Elapsed time spent in this place.
 B = Non-inter-level travel time spent in this place.
 C = Inter-level travel time spent in this place.
 D = Time resting spent in this place.
 E = Time spent auto-exploring this place.
 F = Levels seen in this place.
 G = Mean time per level.
                   A        B        C        D        E       F      G
               +--------+--------+--------+--------+--------+-----+--------+
         Total |     47 |     47 |      0 |      0 |      0 |   2 |   23.5 |
       Dungeon |     47 |     47 |      0 |      0 |      0 |   2 |   23.5 |
               +--------+--------+--------+--------+--------+-----+--------+

Top non-repeatable levels by time:
     D:2: 26 daAuts
     D:1: 21 daAuts
